 Dungeon Crawl Stone Soup version 0.28-b1-25-g9875b3fc8c (webtiles) character file.

Game seed: 14944525714426364204

45 mikeyfanaccount the Covered (level 3, -1/30 HPs)
             Began as a Barachi Fighter on Feb 2, 2022.
             Succumbed to an adder's poison
             ... on level 4 of the Dungeon.
             The game lasted 00:07:31 (885 turns).

mikeyfanaccount the Covered (Barachi Fighter)        Turns: 885, Time: 00:07:32

Health: -1/30      AC:  7    Str: 19    XL:     3   Next: 64%
Magic:  3/3        EV:  9    Int:  8    God:
Gold:   84         SH:  4    Dex: 11    Spells: 2/2 levels left

rFire   . . .      SeeInvis .   a - +0 war axe
rCold   . . .      Faith    .   c - +0 buckler
rNeg    . . .      Spirit   .   b - +0 scale mail
rPois   .          Reflect  .   (no helmet)
rElec   .          Harm     .   (no cloak)
rCorr   .          Rampage  .   (no gloves)
Will    .....                   (no boots)
Stlth   ..........              (no amulet)
HPRegen 0.10/turn               (no ring)
MPRegen 0.08/turn               (no ring)

@: lethally poisoned (-1 -> -6), slow
A: amphibious, slowness 1, strong legs 1, +LOS
a: Hop


You were on level 4 of the Dungeon.
You visited 1 branch of the dungeon, and saw 4 of its levels.

You collected 84 gold pieces.

Inventory:

Hand Weapons
 a - a +0 war axe (weapon)
 e - a +2 dagger of protection
Armour
 b - a +0 scale mail (worn)
 c - a +0 buckler (worn)
 f - a +0 ring mail
Potions
 d - 2 potions of curing {unknown}


   Skills:
 + Level 4.1 Fighting
 + Level 3.0 Axes
 + Level 4.2 Armour
 + Level 3.5 Shields


You had 2 spell levels left.
You didn't know any spells.
Your spell library contained the following spells:

 Spells                   Type           Power      Damage    Failure   Level
 Blink                    Tloc           0%         N/A       94%         2
 Lesser Beckoning         Tloc           0%         N/A       99%         3
 Manifold Assault         Tloc           0%         N/A       100%        5


Dungeon Overview and Level Annotations

Branches:
Dungeon (4/15)
 Temple: D:4-7

Altars:


Innate Abilities, Weirdness & Mutations

You are amphibious.
You cover ground slowly.
You can hop short distances.
You have an extended range of vision and can be seen from far away.


Message History

The hound skeleton barely misses you. The adder bites you but does no damage.
The ice beast closely misses you.
The hound skeleton completely misses you.
The adder bites you but does no damage. The goblin hits you with a +0 dagger.
You miss the adder. You hit the hound skeleton. You hit the orc.
You kill the orc!
You closely miss the goblin. You hit the ice beast.
You block the adder's attack.
The hound skeleton bites you but does no damage.
The ice beast completely misses you. The goblin barely misses you.
The adder bites you.
You are poisoned.
The adder poisons you! You block the hound skeleton's attack.
The ice beast hits you but does no damage.
You miss the adder. You hit the ice beast. You hit the goblin.
You kill the goblin!
You hit the orc. You hit the hound skeleton.
You feel sick.
The hound skeleton bites you but does no damage.
The adder bites you.
You are more poisoned.
The adder poisons you! The ice beast barely misses you.
A water moccasin skeleton comes into view.
The adder closely misses you.
The hound skeleton bites you but does no damage.
The orc barely misses you.
Your Axes skill increases to level 3!
Unknown command.
You slash the orc!
You kill the orc!
You barely miss the ice beast. You hit the orc. You barely miss the adder.
You hit the hound skeleton.
You feel sick.
The hound skeleton bites you but does no damage.
You block the adder's attack. You block the ice beast's attack.
The orc hits you with a +0 flail!
* * * LOW HITPOINT WARNING * * *
The hound skeleton bites you.
* * * LOW HITPOINT WARNING * * *
The adder closely misses you.
The ice beast hits you but does no damage.
You die...

......... ..# ##
.........
#..#...
#....#.##.......
#....#........$.
#....<....# #
#......##.....
##......#.# #.
#...Z....#
#..@.S...#
#.....)Yo...#
##..........#
.........##..#
#..Z##...## ..#
#..# #.... ....
..# ..... .### .
...... # ##.....


You could see an ice beast, an adder, an orc, a water moccasin skeleton and a
hound skeleton.

Vanquished Creatures
  A dart slug (D:1)
  2 orcs (D:4)
  A bat (D:1)
  An endoplasm (D:1)
  2 giant cockroaches (D:1)
  7 goblins
  3 hobgoblins
  9 jackals
  2 kobolds (D:1)
  2 ball pythons (D:1)
  A frilled lizard (D:2)
  4 rats
35 creatures vanquished.

Notes
Turn   | Place    | Note
-------+----------+-------------------------------------------
     0 | D:1      | mikeyfanaccount the Barachi Fighter began the quest for the
                  | Orb.
     0 | D:1      | Reached XP level 1. HP: 18/18 MP: 1/1
    81 | D:1      | Reached XP level 2. HP: 23/25 MP: 2/2
   374 | D:1      | Reached XP level 3. HP: 26/30 MP: 3/3
   486 | D:1      | Found a faded altar of an unknown god.
   875 | D:4      | Noticed an ice beast
   884 | D:4      | HP: 1/30 [hound skeleton (1)]
   885 | D:4      | Succumbed to an adder's poison

Illustrated notes

Levels and vault maps discovered:
D:1:      minmay_arrival_doors, layout_rooms, ebering_ecumenical_altar_webs
D:2:      cheibrodos_old_hovel, layout_basic, minmay_goblin_outpost
D:3:      layout_loops_ring
D:4:      layout_cave_pools, minmay_temple_entry_ruins,
          gammafunk_ghost_stat_death, minmay_misc_feat_ornament, uniq_natasha

Skill      XL: |  1  2  3 |
---------------+----------+-----
Fighting       | 4 |  4.1
Armour         | 4 |  4.2
Axes           | 3 |  3.0
Shields        | |  3.5

Action                   || total
-------------------------++-------
Melee: War axe           ||   107
  Use: Potion            ||     2
Armor: Scale mail        ||    92
Dodge: Dodged            ||    68
Block: Buckler           ||    32
